 Dungeon Crawl Stone Soup version 0.30.1-9-gdf580d7c3d (webtiles) character file.

Game seed: 15518688350158220242

77 Cheops the Firebug (level 4, -4/36 HPs)
             Began as a Naga Fire Elementalist on Oct 10, 2023.
             Slain by an iguana (12 damage)
             ... on level 3 of the Dungeon.
             The game lasted 00:04:27 (2074 turns).

Cheops the Firebug (Naga Fire Elementalist)         Turns: 2074, Time: 00:04:27

Health: -4/36      AC:  2    Str: 11    XL:     4   Next: 33%
Magic:  0/8        EV:  9    Int: 17    God:
Gold:   84         SH:  0    Dex: 11    Spells: 2/9 levels left

rFire   . . .        (no weapon)
rCold   . . .        (no shield)
rNeg    . . .        a - +0 robe
rPois   +            (no helmet)
rElec   .            (no cloak)
rCorr   .            (no gloves)
SInv    +            (no barding)
Will    .....        (no amulet)
Stlth   ++           (no ring)
HPRegen 0.26/turn    (no ring)
MPRegen 0.11/turn

%: no passive effects
@: short of breath, very slow
A: AC +1, large, see invisible, deformed body, poison resistance, slowness 2,
spit poison 1, naga tail 1
a: Spit Poison


You were on level 3 of the Dungeon.
You visited 1 branch of the dungeon, and saw 3 of its levels.

You collected 84 gold pieces.

Inventory:

Armour
 a - a +0 robe (worn)
Jewellery
 i - an amulet of faith
Scrolls
 c - 2 scrolls of enchant weapon {unknown}
 d - a scroll of teleportation {unknown}
 e - a scroll of torment {unknown}
 g - a scroll of silence {unknown}
 h - a scroll of enchant armour {unknown}
 j - 2 scrolls of identify {unknown}
 l - a scroll of vulnerability {unknown}
Potions
 b - a potion of magic
 f - 3 potions of brilliance {unknown}
 k - a potion of curing {unknown}
 m - a potion of haste {unknown}


   Skills:
 - Level 1.5 Dodging
 - Level 3.0 Stealth
 - Level 3.0 Spellcasting
 - Level 3.0 Conjurations
 + Level 3.2 Fire Magic


You had 2 spell levels left.
You knew the following spells:

 Your Spells              Type           Power      Damage    Failure   Level
a - Foxfire               Conj/Fire      52%        2x1d6     4%          1
b - Scorch                Fire           26%        2d6       7%          2
w - Flame Wave            Conj/Fire      13%        2d6       43%         4

Your spell library contained the following spells:

 Spells                   Type           Power      Damage    Failure   Level
 Beastly Appendage        Tmut           4%         N/A       17%         1
 Wereblood                Tmut           2%         N/A       26%         2
 Inner Flame              Hex/Fire       8%         N/A       26%         3
 Volatile Blastmotes      Fire/Tloc      16%        2d11      26%         3
 Dazzling Flash           Conj/Hex       14%        N/A       28%         3
 Spider Form              Tmut/Pois      2%         N/A       45%         3
 Iskenderun's Mystic Bla  Conj/Tloc      7%         2d4       67%         4
 Starburst                Conj/Fire      6%         6d4       100%        6


Dungeon Overview and Level Annotations

Branches:
Dungeon (3/15)

Altars:


Innate Abilities, Weirdness & Mutations

Your serpentine skin is tough. (AC +1)
You have supernaturally acute eyesight. (SInv)
Armour fits poorly on your strangely shaped body.
Your system is resistant to poisons. (rPois)
You cover ground very slowly.
You can spit poison.
You have a snake-like lower body.


Message History

Press: ? - help, Shift-Dir - straight line, f - iguana
Aim: an iguana (lightly wounded, ally target, 65% to hit)
The splash of poison hits the iguana.
The iguana is moderately wounded.
The foxfire hits the iguana.
The iguana is heavily wounded.
The foxfire hits the iguana.
The iguana is heavily wounded.
The foxfire hits the iguana but does no damage.
The iguana is heavily wounded.
The iguana closely misses you.
Casting: Foxfire (safe; 4% risk of failure)
Confirm with . or Enter, or press ? or * to list all spells.
You conjure some foxfire!
The iguana bites you!
* * * LOW HITPOINT WARNING * * *
Casting: Foxfire (safe; 4% risk of failure)
Confirm with . or Enter, or press ? or * to list all spells.
You conjure some foxfire!
You have got your breath back.
The foxfire hits the iguana but does no damage.
The iguana is heavily wounded.
The foxfire hits the iguana.
The iguana is severely wounded.
The iguana bites you.
* * * LOW HITPOINT WARNING * * *
Aiming: Spit Poison (1% risk of failure)
Press: ? - help, Shift-Dir - straight line, f/p - iguana
Aim: an iguana (severely wounded, ally target, 65% to hit)
The splash of poison misses the iguana.
The foxfire hits the iguana but does no damage.
The iguana is severely wounded.
The foxfire hits the iguana.
The iguana is severely wounded.
The iguana bites you.
* * * LOW HITPOINT WARNING * * *
Your magical contamination has completely faded away.
You closely miss the iguana.
The iguana is severely wounded.
The iguana bites you!
You die...

..# #.. $.. ###.##
#.. . #.#.#
###.#.#####
#.§.§...... #
#..@# #
#.#####.l.# .
#.......).# .
####.#.#..# .
########.#.#..# .
#........#.#..# .
#.########.#..#
.###...####.l.#..#
.....†[.<.........


You could see an iguana.

Vanquished Creatures
  3 adders (D:2)
  A worm (D:3)
  A dart slug (D:1)
  An orc (D:3)
  4 ball pythons
  3 bats (D:1)
  3 endoplasms
  2 giant cockroaches
  5 goblins
  6 hobgoblins
  2 quokkas
  A frilled lizard (D:2)
  3 kobolds
  4 rats
39 creatures vanquished.

Vanquished Creatures (others)
  135 foxfires
135 creatures vanquished.

Grand Total: 174 creatures vanquished

Notes
Turn   | Place    | Note
-------+----------+-------------------------------------------
     0 | D:1      | Cheops the Naga Fire Elementalist began the quest for the
                  | Orb.
     0 | D:1      | Reached XP level 1. HP: 15/15 MP: 3/3
   188 | D:1      | Reached XP level 2. HP: 20/22 MP: 1/5
  1134 | D:2      | Reached XP level 3. HP: 28/28 MP: 5/7
  1637 | D:2      | Reached XP level 4. HP: 26/36 MP: 3/8
  1640 | D:2      | Learned a level 2 spell: Scorch
  1645 | D:2      | Learned a level 4 spell: Flame Wave
  2074 | D:3      | Slain by an iguana

Illustrated notes

Levels and vault maps discovered:
D:1:      dpeg_arrival_court, layout_basic
D:2:      layout_basic, st_stairs_7
D:3:      layout_loops_ring, mainiacjoe_overflow_paths,
          minmay_goblin_kobold_house, uniq_pargi

Skill      XL: |  1  2  3 |
---------------+----------+-----
Spellcasting   | 3 |  3.0
Conjurations   | 3 |  3.0
Dodging        | |  1.5
Stealth        | |  3.0
Fire Magic     | |  3.2

Action                     |  1- 3 |  4- 6 || total
---------------------------+-------+-------++-------
  Melee: Unarmed           |     8 |     1 ||     9
   Cast: Foxfire           |    57 |    20 ||    77
Ability: Spit Poison       |     5 |     2 ||     7
 Armour: Robe              |     4 |     1 ||     5
  Dodge: Dodged            |    10 |     4 ||    14
